 Dungeon Crawl Stone Soup version 0.24-a0-266-g1edb078f7a (webtiles) character file.

Game seed: 15771221560366395171

1043 Deemzul the Shield-Bearer (level 8, 0/63 HPs)
             Began as a Formicid Fighter on Apr 21, 2019.
             Was an Initiate of Cheibriados.
             Slain by a hound (5 damage)
             ... on level 6 of the Dungeon.
             The game lasted 00:05:45 (4238 turns).

Deemzul the Shield-Bearer (Formicid Fighter)        Turns: 4238, Time: 00:05:46

Health: 0/63       AC: 11    Str: 27    XL:     8   Next: 49%
Magic:  8/9        EV:  9    Int:  9    God:    Cheibriados [......]
Gold:   108        SH: 13    Dex: 13    Spells: 7/7 levels left

rFire    . . .     SeeInvis +   a - +1 long sword
rCold    . . .     Gourm    .   c - +0 shield
rNeg     . . .     Faith    .   b - +0 scale mail
rPois    .         Spirit   .   (helmet unavailable)
rElec    .         Reflect  +   B - +0 cloak
rCorr    .         Harm     .   p - +0 pair of gloves
MR       .....                  k - +0 pair of boots
Stlth    ..........             y - +2 amulet of reflection
HPRegen  0.20/turn              (no ring)
MPRegen  0.11/turn              (no ring)

@: mighty, lethally poisoned (0 -> -2), very slow
A: permanent stasis, dig shafts and tunnels, four strong arms, antennae 3
a: Dig, Shaft Self, Bend Time, Renounce Religion


You were on level 6 of the Dungeon.
You worshipped Cheibriados.
Cheibriados was noncommittal.
You were not hungry.

You visited 2 branches of the dungeon, and saw 7 of its levels.

You collected 108 gold pieces.

Inventory:

Hand Weapons
 a - a +1 long sword (weapon)
 g - a +3 antimagic trident
Missiles
 m - 6 tomahawks of returning (quivered)
Armour
 b - a +0 scale mail (worn)
 c - a +0 shield (worn)
 k - a +0 pair of boots (worn)
 p - a +0 pair of gloves (worn)
 B - a +0 cloak (worn)
Jewellery
 y - a +2 amulet of reflection (around neck)
Wands
 D - a wand of iceblast (10)
Scrolls
 h - 3 scrolls of fog
 i - a scroll of remove curse
 j - 10 scrolls of identify
 n - 2 scrolls of enchant weapon
 o - 4 scrolls of amnesia
 s - a scroll of teleportation
 x - 2 scrolls of magic mapping
Potions
 d - a potion of might
 e - a potion of berserk rage {unknown}
 q - a potion of resistance {unknown}
 r - a potion of magic {unknown}
 t - 2 potions of flight {unknown}
 u - a potion of mutation {unknown}
 w - 2 potions of heal wounds {unknown}
 z - a potion of brilliance {unknown}
 A - a potion of agility
 C - a potion of lignification {unknown}
Comestibles
 f - 6 rations


   Skills:
 + Level 5.5 Fighting
 * Level 6.1 Long Blades
 + Level 5.5 Armour
 + Level 6.1 Shields
 + Level 1.4 Invocations


You had 7 spell levels left.
You didn't know any spells.
Your spell library was empty.

Dungeon Overview and Level Annotations

Branches:
Dungeon (6/15)             Temple (1/1) D:5

Altars:
Ashenzari
Cheibriados
Elyvilon
Gozag
Hepliaklqana
Kikubaaqudgha
Makhleb
Nemelex Xobeh
Okawaru
Qazlal
Ru
Sif Muna
Trog
Uskayaw
Vehumet
Xom
Yredelemnul
Zin

Portals:
Sewer: D:6

Annotations:
D:3 2 transporters
D:6 Prince Ribbit


Innate Abilities, Weirdness & Mutations

You cannot be hasted, slowed, berserked, paralysed or teleported.
You can dig through walls and to a lower floor.
Your four strong arms can wield two-handed weapons with a shield.
You have a pair of large antennae on your head. (SInv)


Message History

You kill the ice beast!
Cheibriados appreciates the change of pace.
You feel sick. The hound bites you but does no damage.
You block the adder's attack.
An iguana comes into view.
The adder bites you but does no damage.
You barely miss the adder. The hound bites you but does no damage.
You block the adder's attack. The adder bites you but does no damage.
The hound bites you but does no damage. The adder bites you.
* * * LOW HITPOINT WARNING * * *
Unknown command.
You slash the adder!
The adder is heavily wounded.
You feel sick. You block the adder's attack. The hound bites you.
* * * LOW HITPOINT WARNING * * *
The adder bites you.
* * * LOW HITPOINT WARNING * * *
You block the worker ant's attack. You block the adder's attack.
The hound bites you.
You die...

*,,,,,,,,#∩#**,,,,,,,,,,,,,*
**,,,,,,,,#≈#{,...#**,,,,,,,,
*,,,{,,,,{#≈#**...,***,*,,,,,
***,,,,,,,#≈###ls,**,,,,,,,,,
*****,,,#≈#...#**#*,,,,,,,,
**,,#≈#...##..,,,,,,,,<
#######≈#.......,,,,,,,,,
#...#.#S#hc.....,,,,,,,,,
#....5rS@a......,,,,,**,,
##...####.......,,,,,,,,,
#...#*.########*********
##..##.#≈≈≈≈≈≈≈≈≈≈,≈≈≈,*
#.5...#≈,,,≈≈≈,,≈≈≈,≈,*
##>.#.#≈{≈{≈{,≈≈,≈≈,≈≈*
####..#######*********###
##.>.§.#......,,,,,,,,,...
#.............,,,_,,,,,...


You could see a centaur, a scorpion, an iguana, a hound, a worker ant, a crimson
imp, 2 adders and a quokka.

Vanquished Creatures
  A hungry ghost (D:4)
  An ice beast (D:6)
  An orc warrior (D:4)
  A bullfrog (D:5)
  A centaur zombie (D:5)
  A bullfrog zombie (D:5)
  2 hounds (D:4)
  2 orc priests
  2 centaur skeletons (D:4)
  A jelly (D:5)
  6 orc wizards (D:4)
  A hound skeleton (D:4)
  4 gnolls (D:4)
  6 adders
  3 oozes
  3 adder skeletons (D:4)
  5 worms
  3 dart slugs
  3 leopard geckos
  7 orcs
  5 giant cockroaches
  9 goblins
  5 hobgoblins
  13 jackals
  2 quokkas
  2 ball pythons
  5 bats
  6 frilled lizards
  6 kobolds
  A leopard gecko skeleton (D:4)
  10 rats
118 creatures vanquished.

Notes
Turn   | Place    | Note
-------+----------+-------------------------------------------
     0 | D:1      | Deemzul the Formicid Fighter began the quest for the Orb.
     0 | D:1      | Reached XP level 1. HP: 18/18 MP: 1/1
    60 | D:1      | Reached XP level 2. HP: 24/24 MP: 2/2
   171 | D:1      | Reached XP level 3. HP: 21/29 MP: 3/3
   740 | D:2      | Found an ancient bone altar of Kikubaaqudgha.
   753 | D:2      | Reached XP level 4. HP: 36/37 MP: 4/4
   815 | D:2      | Found a radiant altar of Vehumet.
  1421 | D:3      | Found a transporter.
  1546 | D:3      | Found a transporter.
  1644 | D:3      | Reached XP level 5. HP: 28/42 MP: 5/5
  2364 | D:4      | Noticed an ogre
  2424 | D:4      | Noticed a hungry ghost
  2442 | D:4      | Killed a hungry ghost
  2442 | D:4      | Reached XP level 6. HP: 23/49 MP: 6/6
  2601 | D:4      | Noticed an orc warrior
  2612 | D:4      | Reached skill level 5 in Shields
  2622 | D:4      | Killed an orc warrior
  2622 | D:4      | Reached XP level 7. HP: 40/55 MP: 7/7
  2966 | D:4      | Reached skill level 5 in Long Blades
  3073 | D:4      | Reached skill level 5 in Fighting
  3074 | D:4      | Reached skill level 5 in Armour
  3135 | D:4      | Reached XP level 8. HP: 37/62 MP: 8/8
  3444 | D:5      | Entered Level 5 of the Dungeon
  3444 | D:5      | Found a staircase to the Ecumenical Temple.
  3488 | Temple   | Entered the Ecumenical Temple
  3593 | Temple   | Became a worshipper of Cheibriados the Contemplative
  3619 | D:5      | Found a bloodstained altar of Trog.
  3626 | D:5      | Found a deep blue altar of Sif Muna.
  3640 | D:5      | Found a sacrificial altar of Ru.
  3976 | D:5      | Found an opulent altar of Gozag.
  3976 | D:5      | Found a stormy altar of Qazlal.
  3987 | D:5      | Found a hide-covered altar of Uskayaw.
  4149 | D:6      | Noticed Prince Ribbit
  4166 | D:5      | Reached skill level 1 in Invocations
  4226 | D:6      | Found a glowing drain.
  4238 | D:6      | Slain by a hound

Levels and vault maps discovered:
D:1:      onia_arrival_pyramid, layout_rooms
D:2:      layout_loops_corners, overflow_temple_1_default, lemuel_doored_altar,
          amethyst_killhole
D:3:      gammafunk_steamed_eel, layout_loops_corners,
          kennysheep_generic_room_14
D:4:      layout_rooms, first_ration, st_stairs_14, kennysheep_generic_room_4
D:5:      layout_loops_cross, lemuel_round_altar,
          eat_drink_and_be_merry_uskayaw, lemuel_crystal_altar,
          grunt_temple_overflow_open, minmay_temple_entry_stoned_glass
D:6:      corexii_shack_village, layout_cave_pools, fedhas_altar_3,
          portal_sewer_entry_d, grunt_ashenzari_visionary
          [grunt_ashenzari_visionary_shoals, grunt_ashenzari_visionary_spider],
          uniq_prince_ribbit1
Temple:   compressed_dpeg_circular_temple

Skill      XL: |  1  2  3  4  5  6  7  8 |
---------------+-------------------------+-----
Shields        | 4 5 6 |  6.1
Long Blades    | 3 4 5 6 |  6.1
Fighting       | 4 5 |  5.5
Armour         | 4 5 |  5.5
Invocations    | 1 |  1.4

Action                   |  1- 3 |  4- 6 |  7- 9 || total
-------------------------+-------+-------+-------++-------
Melee: Long sword        |    93 |   147 |   158 ||   398
  Use: Scroll            |       |     4 |     4 ||     8
       Potion            |       |     1 |     1 ||     2
  Eat: Chunk             |       |     6 |     4 ||    10
       Ration            |       |     1 |     1 ||     2
Armor: Scale mail        |    52 |    37 |    69 ||   158
Dodge: Dodged            |    35 |    49 |    87 ||   171
Block: Shield            |    46 |    76 |   154 ||   276
       Reflection        |       |     1 |     1 ||     2
       Rpst.: Long sword |    13 |    14 |    26 ||    53

Table legend:
 A = Non-vault XP
 B = Vault XP
 C = Vault XP percentage of total XP
 D = Non-vault monster count
 E = Vault monster count
 F = Vault count percentage of total count
                 A         B        C        D         E       F
            +---------+---------+-------+---------+---------+-------
      Total |    1429 |      62 |   4.2 |     114 |       4 |   3.4
            +---------+---------+-------+---------+---------+-------
        D:1 |      42 |       0 |   0.0 |      17 |       0 |   0.0
        D:2 |      53 |       0 |   0.0 |      26 |       0 |   0.0
        D:3 |     123 |       7 |   5.4 |      27 |       2 |   6.9
        D:4 |     832 |      55 |   6.2 |      33 |       2 |   5.7
        D:5 |     239 |       0 |   0.0 |       9 |       0 |   0.0
        D:6 |     140 |       0 |   0.0 |       2 |       0 |   0.0
            +---------+---------+-------+---------+---------+-------
